 Dungeon Crawl Stone Soup version 0.30-b1-2-g02819fbbbe (webtiles) character file.

Game seed: 10650624252398616144

19088 dorian the Martial Artist (level 12, -11/85 HPs)
             Began as an Octopode Transmuter on May 13, 2023.
             Was a High Priest of Wu Jian.
             Shot with an arrow by a centaur warrior (22 damage)
             ... on level 15 of the Dungeon.
             The game lasted 00:29:17 (13749 turns).

dorian the Martial Artist (Octopode Transmuter)    Turns: 13749, Time: 00:29:18

Health: -11/85     AC:  1    Str:  9    XL:     12   Next: 65%
Magic:  37/37      EV: 20    Int: 17    God:    Wu Jian [*****.]
Gold:   562        SH:  0    Dex: 16    Spells: 8/21 levels left

rFire   + +          +
                       - Unarmed
rCold   + . .        (no shield)
rNeg    + . .        (helmet restricted)
rPois   +            (no amulet)
rElec   .            h - ring of Bidy {Wiz Contam rF+++ rN+ SInv}
rCorr   .            n - +5 ring of evasion
SInv    +            e - ring of magical power
Will    .....        y - ring of protection from cold
Stlth   ++           z - ring of poison resistance
HPRegen 0.34/turn    C - ring of magical power
MPRegen 0.25/turn    (no ring)
                     (no ring)

%: wizardry (x1)
@: no status effects
A: almost no armour, amphibious, 8 rings, camouflage 1, gelatinous body 1,
(nimble swimmer 1), tentacles
a: Renounce Religion, Wall Jump, Serpent's Lash, Heavenly Storm


You were on level 15 of the Dungeon.
You worshipped Wu Jian.
Wu Jian was extremely pleased with you.
You visited 2 branches of the dungeon, and saw 15 of its levels.

You collected 712 gold pieces.
You spent 150 gold pieces at shops.

Inventory:

Missiles
 d - 2 throwing nets
 m - 13 boomerangs (quivered)
Jewellery
 e - a ring of magical power (on tentacle)
 h - the ring of Bidy (left tentacle) {Wiz Contam rF+++ rN+ SInv}
   (You found it on level 3 of the Dungeon)

   [ring of wizardry]

   It improves your spell success rate.
   rF:        It renders you almost immune to fire.
   rN:        It protects you from negative energy.
   SInv:      It lets you see invisible.
   Contam:    It causes magical contamination when unequipped.
 n - a +5 ring of evasion (right tentacle)
 y - a ring of protection from cold (on tentacle)
 z - a ring of poison resistance (on tentacle)
 C - a ring of magical power (on tentacle)
Wands
 a - a wand of flame (14)
 k - a wand of roots (8)
 x - a wand of mindburst (8)
 A - a wand of charming (6)
 F - a wand of polymorph (5)
Scrolls
 q - 8 scrolls of teleportation
 r - a scroll of enchant armour
 w - 2 scrolls of immolation
 B - a scroll of vulnerability
 D - a scroll of fog
Potions
 b - 2 potions of curing
 c - 4 potions of haste
 f - 2 potions of cancellation
 g - 3 potions of mutation
 i - 3 potions of invisibility
 j - 4 potions of attraction
 l - a potion of resistance {unknown}
 o - a potion of degeneration {unknown}
 p - a potion of flight {unknown}
 s - 3 potions of lignification
 t - 4 potions of brilliance {unknown}
 u - a potion of berserk rage {unknown}
 v - a potion of might
Miscellaneous
 E - a phial of floods


   Skills:
 + Level 9.2 Fighting
 + Level 5.5 Dodging
 + Level 12.2 Unarmed Combat
 + Level 5.1 Spellcasting
 * Level 10.6 Transmutations
 * Level 6.6 Earth Magic


You had 8 spell levels left.
You knew the following spells:

 Your Spells              Type           Power      Damage    Failure   Level
a - Beastly Appendage     Tmut           80%        N/A       1%          1
b - Wereblood             Tmut           40%        N/A       1%          2
c - Ice Form              Ice/Tmut       22%        N/A       6%          4
d - Statue Form           Tmut/Erth      22%        N/A       26%         6

Your spell library contained the following spells:

 Spells                   Type           Power      Damage    Failure   Level
 Spider Form              Tmut/Pois      22%        N/A       1%          3
 Ensorcelled Hibernation  Hex/Ice        8%         N/A       9%          2
 Poisonous Vapours        Pois/Air       8%         N/A       9%          2
 Lee's Rapid Deconstruct  Erth           13%        3d9*      11%         5
 Call Canine Familiar     Summ           4%         N/A       16%         3
 Mephitic Cloud           Conj/Pois/Air  4%         N/A       16%         3
 Portal Projectile        Hex/Tloc       8%         N/A       16%         3
 Leda's Liquefaction      Hex/Erth       7%         N/A       16%         4
 Anguish                  Hex/Necr       2%         N/A       45%         4
 Cause Fear               Hex            2%         N/A       45%         4
 Freezing Cloud           Conj/Ice/Air   2%         6-21      80%         5
 Enfeeble                 Hex            2%         N/A       100%        7


Dungeon Overview and Level Annotations

Branches:
Dungeon (15/15)            Temple (1/1) D:6            Lair (0/5) D:8
    Orc (0/2) D:9          Vaults (0/5) D:14
 Depths: D:15

Altars:
Ashenzari
Cheibriados
Dithmenos
Elyvilon
Fedhas
Gozag
Hepliaklqana
Kikubaaqudgha
Makhleb
Nemelex Xobeh
Okawaru
Qazlal
Ru
Sif Muna
Trog
Uskayaw
Vehumet
Wu Jian
Xom
Yredelemnul
Zin
The Shining One

Shops:
D:2 (   D:7 !   D:10 [   D:12 (

Annotations:
Abyss:1 Nessos


Innate Abilities, Weirdness & Mutations

You cannot wear most types of armour.
You are amphibious.
You can wear up to eight rings at the same time.
Your skin changes colour to match your surroundings (Stealth+).
Your rubbery body absorbs attacks. (AC +1, EV +1)
((You are camouflaged when in or above water. (Stealth+)))
You have tentacles for arms and can constrict up to eight enemies at once.


Message History

The +4 long sword hits you.
You pummel the +4 long sword!!
The +4 long sword is severely damaged.
The +4 long sword hits you!
You closely miss the +4 long sword.
The +4 long sword is severely damaged.
The +4 long sword hits you!!
You barely miss the +4 long sword.
The +4 long sword is severely damaged.
The +4 long sword closely misses you. The +4 long sword hits you!
* * * LOW HITPOINT WARNING * * *
You feel better.
The +4 long sword hits you but does no damage.
You hit the +4 long sword.
The +4 long sword is severely damaged.
The +4 long sword hits you.
You closely miss the +4 long sword.
The +4 long sword is severely damaged.
The +4 long sword hits you. The +4 long sword hits you!!
* * * LOW HITPOINT WARNING * * *
Blink to where?
Press: ? - help, Dir - move target
As you read the scroll of blinking, it crumbles to dust.
There is a stone staircase leading down here.
Your transformation is almost over.
You climb downwards.
Found a leather armour.
There is a stone staircase leading up here.
As you read the scroll of fog, it crumbles to dust.
The scroll dissolves into smoke.
The centaur warrior wields a +0 shortbow.
The centaur warrior shoots an arrow.
The arrow closely misses you.
Found a stone staircase leading up.
Found a shortbow.
Found a stone staircase leading up.
The centaur warrior shoots an arrow.
The arrow hits you!
* * * LOW HITPOINT WARNING * * *
You warm up again.
The centaur warrior shoots an arrow.
The arrow closely misses you.
The centaur warrior shoots an arrow.
The arrow hits you!!
You die...

#.....§.§§§§§.....
##..§.§.§W§§.....
.##..#..§c.§.§.....
...........§§..#...
...##.......### ..
#........# .
###.........
##.........[..
#.@...........
#...<...........
.............#####
..............#
..#............#
##..............
#.)....<........
..........#....


You could see a centaur warrior and a freezing wraith.

Vanquished Creatures
  Snorg (D:12)
  A centaur warrior (D:14)
  3 two-headed ogres
  A wizard (D:12)
  A deep elf pyromancer (D:12)
  2 cyclopes (D:11)
  An orc sorcerer (D:7)
  Joseph (D:8)
  An unseen horror (D:10)
  Psyche (D:11)
  A komodo dragon (D:8)
  2 kobold demonologists
  5 trolls
  A hornet (D:8)
  Sigmund (D:3)
  A vampire (D:11)
  Eustachio (D:6)
  2 wraiths
  22 yaks
  A wyvern (D:9)
  Grum (D:11)
  2 vampire mosquitoes (D:11)
  A steam dragon (D:8)
  A warg (D:8)
  An acid dragon (D:10)
  4 water moccasins
  A sky beast (D:7)
  11 orc warriors
  An ice beast (D:6)
  3 ogres
  8 centaurs
  4 wolves (D:11)
  4 kobold brigands (D:8)
  4 gnoll sergeants
  A bullfrog (D:7)
  2 scorpions (D:5)
  6 howler monkeys
  13 hounds
  2 jellies (D:6)
  14 orc priests
  4 gnoll boudas
  Jessica (D:1)
  3 iguanas
  20 orc wizards
  21 gnolls
  6 adders
  2 white imps
  2 ufetubi
  5 worms
  5 dart slugs
  66 orcs
  6 ball pythons
  8 bats
  8 endoplasms
  3 giant cockroaches
  4 goblins
  3 hobgoblins
  14 kobolds
  5 quokkas
  4 frilled lizards
  5 rats (D:1)
329 creatures vanquished.

Vanquished Creatures (others)
  A fungus (D:3)
  24 plants
25 creatures vanquished.

Grand Total: 354 creatures vanquished

Notes
Turn   | Place    | Note
-------+----------+-------------------------------------------
     0 | D:1      | dorian the Octopode Transmuter began the quest for the Orb.
     0 | D:1      | Reached XP level 1. HP: 13/13 MP: 3/3
    96 | D:1      | Reached XP level 2. HP: 16/18 MP: 3/5
   559 | D:1      | Reached XP level 3. HP: 21/23 MP: 6/6
   822 | D:2      | Noticed Jessica
   834 | D:1      | Killed Jessica
   835 | D:1      | Reached skill level 4 in Unarmed Combat
   835 | D:1      | Reached XP level 4. HP: 11/29 MP: 7/7
  1063 | D:2      | Found Asuis's Weapon Emporium.
  1205 | D:2      | Found a shimmering altar of Xom.
  1678 | D:3      | Noticed Sigmund
  1699 | D:3      | Identified the ring of Bidy {Wiz Contam rF+++ rN+ SInv}
  1756 | D:3      | Reached XP level 5. HP: 21/35 MP: 8/8
  1814 | D:2      | Learned a level 2 spell: Wereblood
  1819 | D:2      | Learned a level 4 spell: Ice Form
  2094 | D:3      | Found a faded altar of an unknown god.
  2172 | D:3      | Killed Sigmund
  2173 | D:3      | Reached skill level 5 in Unarmed Combat
  2173 | D:3      | Reached XP level 6. HP: 42/42 MP: 9/9
  2261 | D:3      | Found a shadowy altar of Dithmenos.
  2261 | D:3      | Found a sparkling altar of Nemelex Xobeh.
  2279 | D:3      | Found a hazy altar of Hepliaklqana.
  2280 | D:3      | Found an opulent altar of Gozag.
  2329 | D:3      | Found a basalt altar of Yredelemnul.
  2905 | D:4      | Reached XP level 7. HP: 46/46 MP: 7/10
  2961 | D:4      | Reached skill level 6 in Unarmed Combat
  3904 | D:5      | Entered Level 5 of the Dungeon
  4336 | D:5      | Reached XP level 8. HP: 54/54 MP: 9/11
  4376 | D:5      | Reached skill level 7 in Unarmed Combat
  4398 | D:5      | Reached skill level 5 in Transmutations
  4905 | D:6      | Reached skill level 5 in Fighting
  4970 | D:6      | Noticed Eustachio
  5348 | D:6      | Reached skill level 8 in Unarmed Combat
  5634 | D:6      | Found a staircase to the Ecumenical Temple.
  5640 | Temple   | Entered the Ecumenical Temple
  5650 | Temple   | Became a worshipper of the Wu Jian Council
  5693 | D:7      | Found Ogiulen's Distillery.
  5696 | D:7      | Found a white marble altar of Elyvilon.
  5699 | D:7      | Bought a potion of haste for 100 gold pieces
  5699 | D:7      | Bought a potion of heal wounds for 50 gold pieces
  5762 | D:7      | Noticed an orc sorcerer
  5781 | D:7      | Killed an orc sorcerer
  5782 | D:7      | Reached XP level 9. HP: 38/62 MP: 12/12
  5928 | D:6      | Killed Eustachio
  5929 | D:6      | Reached skill level 9 in Unarmed Combat
  6764 | D:8      | Reached * piety under Wu Jian
  6765 | D:8      | Reached skill level 10 in Unarmed Combat
  7009 | D:8      | Reached XP level 10. HP: 68/69 MP: 9/13
  7675 | D:8      | Noticed Joseph
  7692 | D:8      | Killed Joseph
  7693 | D:8      | Reached skill level 11 in Unarmed Combat
  8198 | D:8      | Reached ** piety under Wu Jian
  8637 | D:8      | Found a staircase to the Lair.
  8767 | D:8      | Learned a level 6 spell: Statue Form
  8794 | D:9      | Noticed a kobold demonologist
  8798 | D:9      | Noticed a soul eater
  8899 | D:9      | Noticed a two-headed ogre
  8911 | D:9      | Killed a two-headed ogre
  8912 | D:9      | Reached skill level 1 in Earth Magic
  9010 | D:9      | Reached XP level 11. HP: 68/77 MP: 15/15
  9114 | D:9      | Reached *** piety under Wu Jian
  9116 | D:9      | Found a staircase to the Orcish Mines.
  9292 | D:9      | Noticed a two-headed ogre
  9300 | D:9      | Killed a two-headed ogre
  9946 | D:10     | Entered Level 10 of the Dungeon
 10155 | D:10     | Noticed a sun demon
 10374 | D:10     | Reached **** piety under Wu Jian
 10712 | D:10     | Found a radiant altar of Vehumet.
 11000 | D:10     | Found Izxiusak's Armour Emporium.
 11331 | D:11     | Noticed Grum
 11337 | D:11     | Killed Grum
 11590 | D:11     | Noticed a cyclops
 11590 | D:11     | Noticed a cyclops
 11757 | D:11     | Reached XP level 12. HP: 74/84 MP: 18/18
 11944 | D:11     | Reached skill level 5 in Earth Magic
 12044 | D:11     | Reached skill level 10 in Transmutations
 12141 | D:11     | Noticed Psyche
 12155 | D:11     | Killed Psyche
 12156 | D:11     | Reached skill level 5 in Dodging
 12335 | D:11     | Reached skill level 12 in Unarmed Combat
 13186 | D:12     | Noticed Snorg
 13199 | D:12     | Killed Snorg
 13314 | D:12     | Found Ylukhloimn's Weapon Emporium.
 13383 | D:12     | Noticed Nessos
 13397 | D:12     | Banished Nessos
 13543 | D:12     | Noticed a two-headed ogre
 13556 | D:12     | Killed a two-headed ogre
 13557 | D:12     | Reached skill level 5 in Spellcasting
 13598 | D:12     | You fall into a shaft and drop 2 floors!
 13640 | D:14     | Noticed a centaur warrior
 13648 | D:14     | Reached ***** piety under Wu Jian
 13656 | D:14     | Killed a centaur warrior
 13724 | D:14     | Found a gate to the Vaults.
 13740 | D:15     | Entered Level 15 of the Dungeon
 13740 | D:15     | Noticed a centaur warrior
 13749 | D:15     | Shot with an arrow by a centaur warrior

Illustrated notes

Levels and vault maps discovered:
D:1:      dpeg_arrival_stone_temple_mockup, layout_basic
D:2:      layout_rooms, serial_shops, nicolae_shop_bloodbath_and_beyond,
          basic_altar, serial_forest, infiniplex_forest_lined_corner,
          infiniplex_forest_lined_corner, infiniplex_forest_lined_1,
          infiniplex_forest_end_2, infiniplex_forest_lined_ring,
          infiniplex_forest_clump_large, infiniplex_forest_clump_medium,
          uniq_jessica
D:3:      layout_rooms, mainiacjoe_overflow_boulevard,
          nicolae_overflow_quartered_altars,
          shapermc_ecumenical_altar_mp_ritualfount, uniq_sigmund
D:4:      layout_basic
D:5:      layout_basic
D:6:      layout_rooms, minmay_temple_entry_enclosed_plants,
          nicolae_concentric_dashed_squares_mild, uniq_eustachio
D:7:      cheibrodos_wizards_tower, layout_gridville,
          mainiacjoe_overflow_alcove_1, serial_shops, shop, minmay_crossroads
D:8:      lemuel_castle_with_subvaults [lemuel_castle_interior_carwin_3],
          layout_loops_cross, david_lair_shrubbed, uniq_joseph
D:9:      layout_irregular_city, david_orc_5
D:10:     layout_roguey, vehumet_crystals, serial_shops, shop
D:11:     layout_loops_corners, uniq_psyche, uniq_grum
D:12:     minmay_chambers_of_sevens, layout_loops_ring, serial_shops,
          shop_fountains, uniq_snorg, uniq_nessos
D:14:     layout_stronghold, erik_vaults_1, hangedman_decor_clover_reticule,
          kennysheep_donut, lightli_wizard_tower
D:15:     grunt_enter_depths_hoard, layout_cave_pools, tso_altar
Temple:   hellmonk_temple_two_chambers

Skill      XL: |  1  2  3  4  5  6  7  8  9 10 11 12 |
---------------+-------------------------------------+-----
Unarmed Combat | 4 5 6 8 10 11 12 | 12.2
Fighting       | 2 3 4 5 6 8 9 |  9.2
Transmutations | 3 4 6 7 8 9 10 | 10.6
Dodging        | 3 4 5 |  5.5
Spellcasting   | 3 4 5 |  5.1
Earth Magic    | 1 4 6 |  6.6

Action                     |  1- 3 |  4- 6 |  7- 9 | 10-12 || total
---------------------------+-------+-------+-------+-------++-------
  Melee: Unarmed           |    56 |   107 |   264 |   463 ||   890
         Constrict         |    19 |    29 |    49 |     2 ||    99
         Kick              |    10 |    32 |    76 |       ||   118
         Tentacles         |     9 |    19 |    50 |     4 ||    82
         Punch             |     5 |     2 |     7 |     5 ||    19
  Throw: Boomerang         |       |       |     2 |       ||     2
   Cast: Beastly Appendage |    15 |    34 |    34 |     1 ||    84
         Wereblood         |       |     1 |    11 |    19 ||    31
         Ice Form          |       |       |    10 |    57 ||    67
 Invoke: Serpent's Lash    |       |       |       |     1 ||     1
Ability: Lunge             |       |       |    10 |    62 ||    72
         Whirlwind         |       |       |       |     9 ||     9
  Evoke: Wand              |       |       |    15 |     8 ||    23
    Use: Scroll            |       |     8 |     7 |     7 ||    22
         Potion            |       |     1 |     4 |     5 ||    10
   Stab: Sleeping          |     7 |     4 |     2 |       ||    13
         Invisible         |       |       |       |     1 ||     1
 Armour: Skin              |     5 |     7 |    15 |    65 ||    92
  Dodge: Dodged            |    21 |    50 |   174 |   256 ||   501
